 Dungeon Crawl Stone Soup version 0.16-a0-4112-g89a4107 (webtiles) character file.

444897 Speissi the Bludgeoner (level 23, -4/190 HPs)
             Began as a Demonspawn Berserker on Feb 27, 2015.
             Was a High Priest of Trog.
             Slain by an alligator snapping turtle (20 damage)
             ... on level 5 of the Shoals.
             The game lasted 07:25:51 (56604 turns).

Speissi the Bludgeoner (Demonspawn Berserker)      Turns: 56604, Time: 07:26:06

Health: -4/190     AC: 36    Str: 40    XL:     23   Next: 9%
Magic:  24/24      EV: 14    Int: 10    God:    Trog [*****.]
Gold:   3267       SH: 25    Dex: 13    Spells: 0 memorised, 22 levels left

rFire  + + +     SeeInvis .     K - +10 morningstar of Ickoc {vamp, rElec rF++ rC- MR- Str+5}
rCold  . . .     Clarity  .     e - +0 gold dragon armour
rNeg   + . .     SustAb   .     d - +1 large shield {AC+3}
rPois  +         Gourm    .     L - +1 hat
rElec  +         Spirit   .     i - +2 cloak {MR+}
rCorr  .         Warding  +     (gloves unavailable)
rMut   .         Stasis   .     D - +1 pair of boots {run}
MR     ++...                    g - amulet of warding
Stlth  ..........               R - +4 ring of strength
                                s - ring of protection from magic

@: mighty, very slightly contaminated, studying Long Blades, quick, very
resistant to hostile enchantments, extremely unstealthy
A: claws 3, iridescent scales 3, fire resistance 1, powered by death 2, powered
by pain 2, flame cloud immunity
a: Burn Spellbooks, Berserk, Trog's Hand, Brothers in Arms, Renounce Religion
}: 2/15 runes: silver, gossamer


You were on level 5 of the Shoals.
You worshipped Trog.
Trog was extremely pleased with you.
You were full.

You visited 10 branches of the dungeon, and saw 49 of its levels.
You visited the Abyss 1 time.
You also visited: Sewer.

You collected 6319 gold pieces.
You spent 3052 gold pieces at shops.

Inventory:

Hand weapons
 a - the +11 eveningstar "Riha" {elec, rC- Str+5 Int+7 SInv, Rihanna}
   (Trog gifted it to you on level 2 of the Lair of Beasts)

   Occasionally, upon striking a foe, it will discharge some electrical energy
   and cause terrible harm.
   It affects your strength (+5).
   It affects your intelligence (+7).
   It makes you vulnerable to cold.
   It enhances your eyesight.
 E - the +10 rapier of Shrodirr {freeze, -Cast MR+ Dex+4}
   (You bought it in a shop on level 10 of the Dungeon)

   It has been specially enchanted to freeze those struck by it, causing extra
   injury to most foes and up to half again as much damage against particularly
   susceptible opponents.
   It can also slow down cold-blooded creatures.
   It affects your dexterity (+4).
   It affects your resistance to hostile enchantments.
   It prevents spellcasting.
 K - the +10 morningstar of Ickoc (weapon) {vamp, rElec rF++ rC- MR- Str+5}
   (Trog gifted it to you on level 4 of the Vaults)

   It inflicts no extra harm, but heals its wielder somewhat when it strikes a
   living foe.
   It affects your strength (+5).
   It greatly protects you from fire.
   It makes you vulnerable to cold.
   It insulates you from electricity.
   It affects your resistance to hostile enchantments.
Armour
 d - a +1 large shield of protection (worn)
 e - a +0 gold dragon armour (worn)
 i - a +2 cloak of magic resistance (worn)
 v - a +4 shield of protection
 D - a +1 pair of boots of running (worn)
 L - a +1 hat (worn)
 N - the +4 ring mail "Ceplal" {rCorr Int-4 Slay+3}
   (You bought it in a shop on level 1 of the Depths)

   It affects your intelligence (-4).
   It affects your accuracy and damage with ranged weapons and melee attacks
   (+3).
   It protects you from acid and corrosion.
 O - the +4 shield of Pleasant Breezes {rPois rF+ Int+4}
   (You bought it in a shop on level 3 of the Shoals)

   It affects your intelligence (+4).
   It protects you from fire.
   It protects you from poison.
Jewellery
 g - an amulet of warding (around neck)
 h - an uncursed amulet of guardian spirit
 k - a +5 ring of intelligence
 p - an uncursed ring of positive energy
 r - an uncursed amulet of the gourmand
 s - a ring of protection from magic (left claw)
 t - an uncursed ring of sustain abilities
 F - an uncursed amulet of regeneration
 R - a +4 ring of strength (right claw)
 S - an uncursed ring of positive energy
 V - a +4 ring of evasion
 Y - the ring of Qozoir {EV+1 Dex+4 SInv}
   (You found it on level 5 of the Vaults)

   [ring of evasion]

   It affects your evasion (+1).
   It affects your dexterity (+4).
   It enhances your eyesight.
Magical devices
 C - a wand of teleportation (7)
Scrolls
 f - 4 scrolls of enchant weapon
 l - 4 scrolls of teleportation
 m - 5 scrolls of magic mapping
 o - 2 scrolls of summoning
 w - 19 scrolls of remove curse
 y - 12 scrolls of recharging
 A - 2 scrolls of blinking
 B - 5 scrolls of fear
 G - 6 scrolls of fog
 P - a scroll of silence
Potions
 j - 3 potions of haste
 q - 4 potions of restore abilities
 u - 2 potions of resistance
 x - 3 potions of heal wounds
 z - 3 potions of might
 H - 9 potions of curing
 I - 4 potions of agility
 M - 5 potions of cancellation
 U - a potion of lignification
 X - 5 potions of invisibility
 Z - 6 potions of flight
Books
 n - a manual of Long Blades
Miscellaneous
 Q - a fan of gales
Comestibles
 b - a royal jelly
 c - 15 bread rations


   Skills:
 + Level 18.0 Fighting
 + Level 5.8(7.6) Short Blades
 + Level 7.6(8.5) Long Blades
 + Level 20.4 Maces & Flails
   Level 3.0 Polearms
 + Level 12.5 Armour
 + Level 16.5 Dodging
 + Level 4.2 Stealth
 + Level 16.2 Shields
 + Level 1.9 Evocations


You had 22 spell levels left.
You didn't know any spells.

Dungeon Overview and Level Annotations

Branches:
Dungeon (15/15)            Temple (0/1) D:7            Lair (8/8) D:10
 Shoals (5/5) Lair:4       Spider (5/5) Lair:4        Slime (2/6) Lair:8
    Orc (4/4) D:9             Elf (3/3) Orc:4        Vaults (5/5) D:13
  Crypt (0/3) Vaults:3     Depths (1/5) D:15           Hell (1/1)
    Dis: Hell:1         Geh: Hell:1         Coc: Hell:1         Tar: Hell:1

Altars:
Elyvilon
Fedhas
Kikubaaqudgha
Makhleb
Qazlal
Vehumet
Xom
Yredelemnul
Beogh

Shops:
D:5 ?   D:10 !(}!   Orc:1 =   Orc:4 [:!*   Shoals:3 [   Vaults:3 ([(*
Depths:1 [

Portals:
Hell: Lair:8 Depths:1
Pandemonium: Orc:4
Trove: D:12 (give 2 potions of cure mutation)

Annotations:
Shoals:5 Ilsuiw
Hell Geryon


Innate Abilities, Weirdness & Mutations

You have claws for hands.
You are completely covered in iridescent scales (AC +8).
Your flesh is heat resistant.
You can steal the life force of defeated enemies.
You sometimes gain power by taking damage.
You are immune to clouds of flame.


Message History

Moving in this stuff is going to be slow.
Drink which item? (? for menu, Esc to quit)
You feel much better. You block the harpy's attack.
You block the harpy's attack. Something barely misses you.
The water nymph gestures at you while chanting.
The water swirls and strikes you!
* * * LOW HITPOINT WARNING * * *
Your surroundings suddenly seem different.
Splash!
An alligator snapping turtle comes into view.
The alligator snapping turtle hisses angrily.
A merfolk comes into view. It is wielding a trident.
The merfolk shouts!
A merfolk comes into view. It is wielding a trident of protection.
The merfolk shouts!
The alligator snapping turtle bites you!!
* * * LOW HITPOINT WARNING * * *
You block the merfolk's attack.
The alligator snapping turtle bites you!!
You die...

≈≈,,,,≈≈≈,,,*..≈≈≈≈≈≈............
≈≈,,,,,,,,,,*#..≈≈≈≈≈≈.††........
≈≈,,,,,,,,,,###..≈≈≈≈≈...........
≈≈,,,,,,,,,,.....≈≈≈≈≈)..........
≈≈,,,,,,,,,,.....≈≈≈≈........≈≈≈≈
≈≈,,,,,,,,,......≈≈≈(.....#..≈...
≈≈≈,,,,,,,,,#####≈≈(......##...##
≈≈≈,,,,,,,,##...##....(((.###..#
≈≈≈≈,,,,,,,#..mt@#........# ####*
≈**+**,,,,,#..[.[+........# *,
**,,,**,...#...m≈#........# **,
*,,,,,*(...##...##........# **,≈
*,,,,,#≈≈≈≈≈#####.........#***,,≈
*,,,,,#≈≈≈≈≈≈≈≈≈≈...........,,,,,
**,,,##≈≈≈≈≈≈≈≈≈≈.....P..P......*
≈****#≈≈≈≈≈≈≈≈≈≈≈.P.P........≈≈..
≈≈≈≈≈≈≈≈≈≈≈≈..≈≈≈≈≈........≈≈≈P≈.


You could see an alligator snapping turtle and 2 merfolk.

Vanquished Creatures
  2 ancient liches
  Boris (Vaults:2)
  Margery (Vaults:2)
  Norris (Spider:3)
  2 golden dragons
  Nikola (Elf:3)
  A lich (Vaults:5)
  4 tentacled monstrosities
  3 deep elf blademasters
  An acid blob (Slime:1)
  4 sphinxes
  2 deep elf master archers (Elf:3)
  9 titans
  A kraken (Shoals:4)
  3 shadow dragons (Vaults:5)
  Kirke (Spider:2)
  4 storm dragons
  5 tengu reavers
  4 frost giants
  13 vault wardens
  Wiglaf (Spider:5)
  2 fire giants (Vaults:5)
  8 emperor scorpions
  A cacodemon (Abyss:1)
  13 deep elf sorcerers
  18 ironheart preservers
  4 ghost moths
  2 war gargoyles
  2 very ugly things
  10 stone giants
  12 deep elf demonologists
  4 dire elephants
  Azrael (Elf:3)
  14 deep elf annihilators
  10 deep elf death magi
  A red draconian (Abyss:1)
  6 ettins (Vaults:5)
  A merfolk javelineer (Shoals:2)
  A crystal guardian (Vaults:2)
  5 merfolk impalers
  6 yaktaur captains
  32 vault guards
  2 deep elf high priests
  2 fire dragons
  2 great orbs of eyes
  4 ice dragons
  6 hydras
  3 rakshasas
  5 merfolk avatars
  An anaconda (shapeshifter) (Vaults:5)
  3 satyrs
  The ghost of herpmino the Cleaver, a powerful FoFi of Okawaru (D:11)
  14 dancing weapons (Elf:2)
  9 ogre magi
  4 death yaks (Lair:7)
  2 merfolk aquamancers (Shoals:4)
  A deep troll shaman (Vaults:1)
  6 centaur warriors
  4 deep troll earth magi
  A tengu warrior (Depths:1)
  Urug (Shoals:1)
  2 thrashing horrors
  A catoblepas (D:15)
  2 orc high priests (Orc:4)
  11 hell knights
  16 deep elf knights
  A fire crab (Vaults:5)
  4 shadow wraiths
  A deep troll (shapeshifter) (Vaults:4)
  7 unseen horrors
  A storm dragon skeleton (Abyss:1)
  A giant orange brain (Abyss:5)
  A putrid demonspawn (Orc:4)
  3 skeletal warriors (Vaults:1)
  20 deep trolls
  15 sea snakes
  A flayed ghost (Vaults:4)
  18 ironbrand convokers
  5 hill giants
  7 deep elf summoners
  An infernal demonspawn (Orc:4)
  3 small abominations
  2 hill giants (shapeshifter)
  9 orc knights
  2 wizards
  3 phantasmal warriors (Vaults:4)
  21 orb spiders
  An anubis guard (shapeshifter) (Vaults:5)
  15 harpies
  A golden dragon skeleton (Abyss:1)
  40 ugly things
  10 griffons
  16 deep elf conjurers
  35 wolf spiders
  5 black mambas
  A mana viper (shapeshifter) (Vaults:3)
  17 manticores
  6 fauns (Shoals:3)
  3 necromancers
  6 water nymphs
  11 orc sorcerers
  A manticore (shapeshifter) (Elf:3)
  2 moths of wrath
  7 hornets
  16 cyclopes
  A cyclops (shapeshifter) (Elf:1)
  A fire giant skeleton (Vaults:1)
  An iron dragon skeleton (Abyss:1)
  18 vault sentinels
  11 spiny frogs
  8 sirens
  2 torpor snails
  6 smoke demons
  A rust devil (Orc:4)
  5 centaur skeletons
  A yaktaur zombie (Vaults:1)
  2 gargoyles (D:15)
  44 yaktaurs
  8 large abominations
  3 kobold demonologists
  3 fire drakes
  A hellwing (Lair:8)
  An efreet (D:14)
  A komodo dragon (shapeshifter) (Vaults:4)
  5 freezing wraiths
  7 demonic crawlers
  22 jumping spiders
  9 komodo dragons
  22 deep elf priests
  3 trolls
  4 red devils
  18 slime creatures
  27 merfolk
  4 blue devils (Lair:8)
  Grinder (D:6)
  10 blink frogs
  2 trapdoor spider zombies
  7 boulder beetles
  A harpy skeleton (Vaults:1)
  A fire giant simulacrum (Vaults:1)
  11 snapping turtles
  19 two-headed ogres
  4 ravens (Depths:1)
  3 basilisks
  A wyvern (shapeshifter) (Vaults:4)
  54 redbacks
  A vampire (D:15)
  3 hogs (Spider:2)
  A wraith (D:15)
  38 yaks
  31 tarantellas
  2 ynoxinuls
  24 trapdoor spiders
  16 water elementals
  34 deep elf magi
  2 wyverns
  6 hippogriffs
  A tarantella (shapeshifter) (Vaults:3)
  A neqoxec (Abyss:1)
  3 fire elementals (Elf:3)
  36 deep elf fighters
  A golden eye (shapeshifter) (Vaults:5)
  3 hungry ghosts
  13 vampire mosquitoes
  2 mottled dragons
  3 porcupines
  6 wolves
  Edmund (D:8)
  An infernal demonspawn zombie (Orc:4)
  13 water moccasins
  A putrid demonspawn zombie (Orc:4)
  5 wargs
  3 hell hounds
  19 orc warriors
  Purgy (Sewer)
  16 spiders
  3 human zombies
  2 eyes of draining
  2 black bears
  2 wasps
  3 ice beasts
  An orc zombie (Orc:4)
  4 phantoms
  5 boggarts
  A necrophage (D:6)
  5 sky beasts
  31 ogres
  5 big kobolds
  3 human skeletons
  11 centaurs
  3 orc skeletons (Orc:4)
  A brain worm (Lair:6)
  Duvessa (D:8)
  A boring beetle (shapeshifter) (Vaults:2)
  3 boring beetles
  12 crocodiles
  A gnoll sergeant (Orc:4)
  18 giant frogs
  2 wyvern zombies
  10 scorpions
  16 wights
  An electric eel (Lair:1)
  A goliath beetle (shapeshifter) (D:14)
  4 killer bees (D:12)
  12 crimson imps
  3 starcursed masses (Abyss:1)
  Dowan (D:8)
  4 quasits
  3 giant frog zombies
  2 giant frog skeletons
  3 goliath beetles
  27 orc priests
  A two-headed ogre zombie (Vaults:4)
  9 hounds
  11 jellies
  37 orc wizards
  3 iguanas
  6 worker ants
  33 sheep
  3 hound skeletons
  A hound zombie (D:7)
  2 mummies
  30 adders
  12 gnolls
  53 river rats
  3 shadow imps
  A worker ant zombie (D:3)
  A giant mite (Sewer)
  2 worms
  A white imp (Depths:1)
  An ufetubus (Orc:4)
  2 adder skeletons
  8 giant geckos
  4 oozes
  183 orcs
  2 bat skeletons (D:4)
  14 goblins
  19 hobgoblins
  14 quokkas
  A ball python skeleton (D:3)
  4 bats
  8 giant cockroaches
  A giant cockroach zombie (D:6)
  A giant gecko skeleton (D:5)
  6 giant newts
  2 jackals (D:1)
  A jackal skeleton (D:4)
  53 kobolds
  18 rats
  8 ballistomycetes
  A crawling corpse (Vaults:5)
  2 fungi
  4 tentacles (Shoals:4)
2052 creatures vanquished.

Vanquished Creatures (collateral kills)
  A golden dragon (Vaults:5)
  2 stone giants (Depths:1)
  Asterion (Shoals:1)
  2 tentacled starspawn (Abyss:1)
  2 emperor scorpions
  An ironheart preserver (Vaults:2)
  An ettin (Vaults:5)
  A merfolk javelineer (Shoals:5)
  2 merfolk impalers (Shoals:5)
  An ice dragon (Vaults:2)
  An ogre mage (Vaults:2)
  A merfolk aquamancer (Shoals:5)
  A sun demon (Lair:8)
  A wretched star (Abyss:1)
  An ice devil (Orc:4)
  A torturous demonspawn (Orc:4)
  An ironbrand convoker (Vaults:5)
  7 orc knights
  An orc sorcerer (Vaults:2)
  2 harpies
  An ugly thing (Vaults:5)
  A sixfirhy (Lair:8)
  A water nymph (Shoals:1)
  A rust devil (Orc:4)
  A red devil (Orc:4)
  A blue devil (Orc:4)
  A two-headed ogre (Vaults:2)
  A ynoxinul (Orc:4)
  A water elemental (Shoals:5)
  17 orc warriors
  6 ogres (Vaults:2)
  7 starcursed masses (Abyss:1)
  A jelly (D:9)
  5 orc priests
  16 orcs
  A starspawn tentacle (Abyss:1)
93 creatures vanquished.

Vanquished Creatures (others)
  A stone giant (Vaults:4)
  A deep troll (Vaults:5)
  An orc knight (Vaults:4)
  5 hill giants
  An orb spider (Spider:3)
  2 drowned souls
  A two-headed ogre (Orc:4)
  2 trolls
  A redback (Spider:3)
  A deep elf mage (Elf:3)
  Eustachio (D:8)
  A deep elf fighter (Elf:2)
  An ogre (Elf:3)
  5 lost souls
  An orc priest (D:11)
  An orc (Vaults:4)
  2 giant spores
  A crawling corpse (Vaults:5)
  2 fungi
  4 plants (Shoals:4)
  3 starspawn tentacles (Abyss:1)
  13 starspawn tentacle segments (Abyss:1)
  17 tentacles (Shoals:4)
  400 tentacle segments (Shoals:4)
468 creatures vanquished.

Grand Total: 2613 creatures vanquished

Notes
Turn   | Place    | Note
--------------------------------------------------------------
     0 | D:1      | Speissi, the Demonspawn Berserker, began the quest for the Orb.
     0 | D:1      | Reached XP level 1. HP: 18/18 MP: 1/1
   538 | D:1      | Gained mutation: You are partially covered in iridescent scales (AC +4). [demonic ancestry]
   538 | D:1      | Reached XP level 2. HP: 24/24 MP: 2/2
  1014 | D:2      | Gained mutation: You can steal the life force of nearby defeated enemies. [demonic ancestry]
  1014 | D:2      | Reached XP level 3. HP: 16/29 MP: 3/3
  1380 | D:2      | Acquired Trog's second power
  1507 | D:2      | Gained mutation: You sometimes gain a little power by taking damage. [demonic ancestry]
  1507 | D:2      | Reached XP level 4. HP: 37/37 MP: 4/4
  1605 | D:2      | Reached skill level 1 in Maces & Flails
  2109 | D:3      | Gained mutation: You have sharp fingernails. [demonic ancestry]
  2109 | D:3      | Reached XP level 5. HP: 42/42 MP: 5/5
  2176 | D:3      | Reached skill level 4 in Fighting
  2623 | D:3      | Found a glowing drain.
  2627 | Sewer    | Entered a sewer
  2643 | Sewer    | Noticed Purgy
  2654 | Sewer    | Killed Purgy
  2654 | Sewer    | Gained mutation: You are mostly covered in iridescent scales (AC +6). [demonic ancestry]
  2654 | Sewer    | Reached XP level 6. HP: 48/48 MP: 6/6
  3203 | D:4      | Noticed an air elemental
  3208 | D:4      | Noticed a fire elemental
  3210 | D:4      | Found a stormy altar of Qazlal.
  3230 | D:4      | Noticed a water elemental
  3466 | D:4      | Found a shimmering altar of Xom.
  3467 | D:4      | Found a blossoming altar of Fedhas.
  3525 | D:4      | Acquired Trog's third power
  3785 | D:4      | Gained mutation: You sometimes gain power by taking damage. [demonic ancestry]
  3785 | D:4      | Reached XP level 7. HP: 33/55 MP: 7/7
  4355 | D:5      | Entered Level 5 of the Dungeon
  4383 | D:5      | Reached skill level 5 in Fighting
  4429 | D:5      | Found Aphuxuvapt's Magic Scroll Emporium.
  4484 | D:5      | Bought a scroll of enchant weapon for 105 gold pieces
  4783 | D:5      | Reached skill level 5 in Dodging
  4853 | D:5      | Gained mutation: You are completely covered in iridescent scales (AC +8). [demonic ancestry]
  4853 | D:5      | Reached XP level 8. HP: 63/63 MP: 8/8
  5090 | D:6      | Noticed Grinder
  5137 | D:6      | Killed Grinder
  5868 | D:6      | Reached skill level 5 in Armour
  5938 | D:7      | Received a gift from Trog
  6027 | D:7      | Reached skill level 6 in Fighting
  6345 | D:7      | Gained mutation: You can steal the life force of defeated enemies. [demonic ancestry]
  6345 | D:7      | Reached XP level 9. HP: 56/69 MP: 3/9
  6488 | D:7      | Reached skill level 5 in Maces & Flails
  6566 | D:7      | Reached skill level 1 in Long Blades
  6566 | D:7      | Reached skill level 1 in Stealth
  6764 | D:7      | Found a staircase to the Ecumenical Temple.
  6828 | D:7      | Found a white marble altar of Elyvilon.
  6986 | D:8      | Noticed Edmund
  6996 | D:8      | Killed Edmund
  7208 | D:8      | Noticed Eustachio
  7218 | D:8      | Killed Eustachio
  7247 | D:8      | Reached skill level 1 in Shields
  7253 | D:8      | Noticed Dowan
  7255 | D:8      | Noticed Duvessa
  7260 | D:8      | Killed Dowan
  7268 | D:8      | Killed Duvessa
  7758 | D:9      | Found a staircase to the Orcish Mines.
  7957 | D:9      | Reached skill level 7 in Fighting
  8132 | D:9      | Found a shimmering altar of Xom.
  8136 | D:9      | Reached skill level 5 in Long Blades
  8379 | D:9      | Gained mutation: You have very sharp fingernails. [demonic ancestry]
  8379 | D:9      | Reached XP level 10. HP: 70/79 MP: 2/10
  8720 | Orc:1    | Entered Level 1 of the Orcish Mines
  8839 | Orc:1    | Found a roughly hewn altar of Beogh.
  8852 | Orc:1    | Found Ickaosu's Jewellery Shoppe.
  9135 | Orc:2    | Noticed a cyclops
  9158 | Orc:1    | Received a gift from Trog
  9207 | Orc:2    | Killed a cyclops
 10092 | Orc:3    | Received a gift from Trog
 10310 | Orc:4    | Entered Level 4 of the Orcish Mines
 10476 | Orc:4    | Found a staircase to the Elven Halls.
 10594 | Orc:4    | Reached skill level 8 in Fighting
 10656 | Orc:4    | Noticed an orc knight
 10667 | Orc:4    | Killed an orc knight
 10674 | Orc:4    | Found Hewir's General Store.
 10675 | Orc:4    | Found Muaxt's Distillery.
 10683 | Orc:4    | Received a gift from Trog
 10693 | Orc:4    | Reached XP level 11. HP: 86/86 MP: 3/11
 10724 | Orc:4    | Noticed an orc sorcerer
 10725 | Orc:4    | Noticed an orc sorcerer
 10735 | Orc:4    | Killed an orc sorcerer
 10749 | Orc:4    | Noticed an orc knight
 10749 | Orc:4    | Noticed an orc knight
 10749 | Orc:4    | Killed an orc sorcerer
 10756 | Orc:4    | Killed an orc knight
 10757 | Orc:4    | Noticed an orc sorcerer
 10758 | Orc:4    | Noticed an orc sorcerer
 10763 | Orc:4    | Noticed a torturous demonspawn
 10764 | Orc:4    | Noticed an orc high priest
 10773 | Orc:4    | Killed an orc knight
 10778 | Orc:4    | Killed an orc sorcerer
 10780 | Orc:4    | Noticed an ice devil
 10790 | Orc:4    | Killed an ice devil
 10794 | Orc:4    | Noticed an ice devil
 10902 | D:10     | Entered Level 10 of the Dungeon
 10902 | D:10     | Found Qublu's Weapon Shoppe.
 10911 | D:10     | Bought the +10 rapier of Shrodirr {freeze, -Cast MR+ Dex+4} for 996 gold pieces
 10931 | D:10     | Reached skill level 5 in Shields
 10962 | D:10     | Reached skill level 1 in Short Blades
 11066 | D:10     | Found Praded's Gadget Emporium.
 11203 | D:10     | Found Shemosmagh's Distillery.
 11216 | D:10     | Bought a potion of restore abilities for 65 gold pieces
 11307 | D:10     | Found a staircase to the Lair.
 11322 | D:10     | Found Qapp's Distillery.
 11367 | D:10     | Bought a potion of heal wounds for 65 gold pieces
 11367 | D:10     | Bought a potion of heal wounds for 65 gold pieces
 11654 | Lair:1   | Entered Level 1 of the Lair of Beasts
 12115 | Lair:1   | Reached skill level 9 in Fighting
 13187 | Lair:2   | Noticed a four-headed hydra
 13264 | Lair:2   | Reached XP level 12. HP: 86/95 MP: 12/12
 13320 | Lair:2   | Killed a four-headed hydra
 13322 | Lair:2   | Received a gift from Trog
 13323 | Lair:2   | Got an iridescent eveningstar {god gift}
 13329 | Lair:2   | Identified the +11 eveningstar "Riha" {elec, rC- Str+5 Int+7 SInv} (Trog gifted it to you on level 2 of the Lair of Beasts)
 13531 | Lair:2   | Reached skill level 1 in Evocations
 13751 | Lair:2   | Identified a +1 pair of boots of running (You found it on level 2 of the Lair of Beasts)
 15185 | Lair:4   | Noticed a five-headed hydra
 15193 | Lair:4   | Killed a five-headed hydra
 15434 | Lair:4   | Found a staircase to the Shoals.
 15580 | Lair:4   | Found a hole to the Spider Nest.
 15954 | Lair:5   | Received a gift from Trog
 16206 | Lair:5   | Noticed a seven-headed hydra
 16211 | Lair:5   | Killed a seven-headed hydra
 16291 | Lair:5   | Reached skill level 10 in Fighting
 16927 | Lair:6   | You fall through a shaft!
 17828 | Lair:7   | Reached XP level 13. HP: 83/103 MP: 12/16
 18023 | Lair:7   | Got a bone battleaxe
 18034 | Lair:7   | Identified the +9 battleaxe of Tartarus {venom, +Inv rF+ MR- Int+6} (You found it on level 7 of the Lair of Beasts)
 18213 | Lair:8   | Entered Level 8 of the Lair of Beasts
 18265 | Lair:8   | Received a gift from Trog
 18302 | Lair:8   | Found a staircase to the Slime Pits.
 18378 | Slime:1  | Entered Level 1 of the Pits of Slime
 19048 | Lair:8   | Noticed a dire elephant
 19061 | Lair:8   | Killed a dire elephant
 19061 | Lair:8   | Reached skill level 10 in Maces & Flails
 19074 | Lair:8   | Noticed a dire elephant
 19080 | Lair:8   | Killed a dire elephant
 19396 | Lair:8   | Found a burning altar of Makhleb.
 19881 | Lair:8   | Reached skill level 11 in Fighting
 19906 | Lair:8   | Found a gateway to Hell.
 19917 | Hell     | Entered the Vestibule of Hell
 19917 | Hell     | Noticed Geryon
 19917 | Hell     | Noticed a reaper
 20461 | Orc:4    | Found a burning altar of Makhleb.
 20512 | Orc:4    | Bought a potion of lignification for 36 gold pieces
 20518 | Orc:4    | Noticed a rust devil
 20522 | Orc:4    | Killed a rust devil
 20545 | Orc:4    | Noticed an orc knight
 20553 | Orc:4    | Killed an orc knight
 20573 | Orc:4    | Noticed an orc sorcerer
 20577 | Orc:4    | Killed an orc sorcerer
 20611 | Orc:4    | Noticed a putrid demonspawn
 20626 | Orc:4    | Killed a putrid demonspawn
 20635 | Orc:4    | Noticed an orc high priest
 20638 | Orc:4    | Killed an orc high priest
 20639 | Orc:4    | Noticed an infernal demonspawn
 20639 | Orc:4    | Noticed an orc sorcerer
 20641 | Orc:4    | Noticed an orc sorcerer
 20646 | Orc:4    | Killed an infernal demonspawn
 20648 | Orc:4    | Noticed an orc sorcerer
 20649 | Orc:4    | Killed an orc sorcerer
 20649 | Orc:4    | Reached XP level 14. HP: 96/113 MP: 10/18
 20651 | Orc:4    | Noticed an orc sorcerer
 20651 | Orc:4    | Killed an orc high priest
 20677 | Orc:4    | Killed a torturous demonspawn
 20721 | Orc:4    | Killed an orc sorcerer
 20726 | Orc:4    | Killed an orc sorcerer
 20750 | Orc:4    | Found Thaer's Antique Armour Shoppe.
 20750 | Orc:4    | Found a one-way gate leading to the halls of Pandemonium.
 20750 | Orc:4    | Found Qaicuac's Book Emporium.
 20755 | Orc:4    | Killed an orc sorcerer
 20755 | Orc:4    | Received a gift from Trog
 20762 | Orc:4    | Killed an orc sorcerer
 20772 | Orc:4    | Bought a shiny chain mail for 148 gold pieces
 20772 | Orc:4    | Bought a glowing helmet for 148 gold pieces
 20994 | Elf:1    | Entered Level 1 of the Elven Halls
 21123 | Elf:1    | Found a radiant altar of Vehumet.
 21140 | Elf:1    | Got a scorched morningstar
 21141 | Elf:1    | Identified the -4 morningstar of Grace {freeze, +Blink Int-2 Stlth+} (You found it on level 1 of the Elven Halls)
 21568 | Elf:1    | Noticed a deep elf sorcerer
 21575 | Elf:1    | Killed a deep elf sorcerer
 21609 | Elf:1    | Reached skill level 12 in Maces & Flails
 21669 | Elf:1    | Received a gift from Trog
 22202 | Elf:2    | Reached skill level 10 in Armour
 22675 | Elf:2    | Found a runed door.
 22704 | Elf:2    | Found a runed door.
 23071 | Elf:2    | Noticed a deep elf blademaster
 23079 | Elf:2    | Killed a deep elf blademaster
 23132 | Elf:2    | Reached skill level 5 in Short Blades
 23175 | Elf:2    | Reached XP level 15. HP: 103/120 MP: 18/18
 23764 | D:11     | Received a gift from Trog
 24003 | D:11     | Noticed herpmino's ghost (powerful FoFi)
 24012 | D:11     | Killed herpmino's ghost
 24059 | D:11     | Reached skill level 13 in Maces & Flails
 24732 | D:12     | Found a portal to a secret trove of treasure.
 25002 | D:12     | Received a gift from Trog
 25728 | D:13     | Found a gate to the Vaults.
 26330 | Slime:2  | Noticed an acid blob
 26332 | Slime:2  | Noticed an azure jelly
 26334 | Slime:2  | Noticed an acid blob
 26336 | Slime:1  | Killed an acid blob
 27039 | D:14     | Found a labyrinth entrance.
 27281 | D:14     | Reached skill level 14 in Maces & Flails
 27349 | D:15     | Entered Level 15 of the Dungeon
 27409 | D:15     | Received a gift from Trog
 27749 | D:15     | Reached XP level 16. HP: 81/130 MP: 14/20
 28105 | D:15     | Found a staircase to the Depths.
 28485 | Depths:1 | Entered Level 1 of the Depths
 29045 | Depths:1 | Found Giux's Antique Armour Boutique.
 29055 | Depths:1 | Bought a smoking ring mail for 306 gold pieces
 29065 | Depths:1 | Identified the +4 ring mail "Ceplal" {rCorr Int-4 Slay+3} (You bought it in a shop on level 1 of the Depths)
 29173 | Depths:1 | Reached skill level 10 in Dodging
 29712 | Depths:1 | Received a gift from Trog
 29712 | Depths:1 | Reached skill level 15 in Maces & Flails
 30372 | Shoals:1 | Entered Level 1 of the Shoals
 30372 | Shoals:1 | Noticed Asterion
 30378 | Shoals:1 | Killed Asterion
 30562 | Shoals:1 | Noticed Urug
 30574 | Shoals:1 | Killed Urug
 31973 | Shoals:3 | Found Gyeqa's Armour Emporium.
 32164 | Shoals:3 | Bought the +4 shield of Pleasant Breezes {rPois rF+ Int+4} for 1022 gold pieces
 32219 | Shoals:3 | Gained mutation: Your flesh is heat resistant. [demonic ancestry]
 32219 | Shoals:3 | Reached XP level 17. HP: 138/138 MP: 20/20
 32409 | Shoals:3 | Received a gift from Trog
 32948 | Shoals:4 | Identified 3 scrolls of acquirement
 33796 | Spider:1 | Entered Level 1 of the Spider Nest
 33828 | Spider:1 | Reached skill level 10 in Shields
 34252 | Spider:1 | Received a gift from Trog
 34256 | Spider:1 | Got a bone dagger {god gift}
 34257 | Spider:1 | Identified the +10 dagger of Insomnia {freeze, *Rage rPois Str+5} (Trog gifted it to you on level 1 of the Spider Nest)
 35867 | Spider:3 | Noticed Norris
 35878 | Spider:3 | Paralysed by Norris for 5 turns
 36196 | Spider:3 | Noticed Kirke
 36765 | Spider:2 | Killed Kirke
 38209 | Spider:3 | Got a twisted ring mail
 38224 | Spider:3 | Got a polished flail
 38230 | Spider:3 | Identified the +6 flail "Weirch" {antimagic, rElec Str+6 SInv} (You found it on level 3 of the Spider Nest)
 38242 | Spider:3 | Identified the +5 ring mail "Rimpiopn" {Dex+2} (You found it on level 3 of the Spider Nest)
 38440 | Spider:3 | Received a gift from Trog
 38467 | Spider:3 | Paralysed by Norris for 5 turns
 38647 | Spider:3 | Killed Norris
 40169 | Spider:5 | Entered Level 5 of the Spider Nest
 40196 | Spider:5 | Reached XP level 18. HP: 137/147 MP: 21/21
 40224 | Spider:5 | Reached skill level 16 in Maces & Flails
 40914 | Spider:5 | Received a gift from Trog
 41073 | Spider:5 | Got a gossamer rune of Zot
 41387 | Spider:5 | Noticed Wiglaf
 41395 | Spider:5 | Killed Wiglaf
 42003 | Elf:1    | Received a gift from Trog
 42346 | Elf:3    | Entered Level 3 of the Elven Halls
 42531 | Elf:3    | Noticed Nikola
 42551 | Elf:3    | Killed Nikola
 42721 | Elf:3    | Noticed Azrael
 42726 | Elf:3    | Killed Azrael
 43303 | Elf:3    | Reached skill level 15 in Fighting
 43631 | Elf:3    | Reached skill level 17 in Maces & Flails
 43699 | Elf:3    | Noticed a Brimstone Fiend
 43722 | Elf:3    | Received a gift from Trog
 43924 | Elf:3    | Reached XP level 19. HP: 82/155 MP: 22/22
 44595 | Elf:3    | Got a faintly glowing leather armour
 44608 | Elf:3    | Identified the cursed +0 leather armour "Jepsymun" {rF+ rC- rN+ Str+5 SInv} (You took it off a deep elf demonologist on level 3 of the Elven Halls)
 44904 | Vaults:1 | Entered Level 1 of the Vaults
 45302 | Vaults:1 | Received a gift from Trog
 45678 | Vaults:1 | Received a gift from Trog
 46836 | Vaults:2 | Received a gift from Trog
 47005 | Vaults:2 | Noticed Margery
 47022 | Vaults:2 | Killed Margery
 47066 | Vaults:2 | Reached skill level 18 in Maces & Flails
 47158 | Vaults:2 | Reached XP level 20. HP: 164/164 MP: 22/22
 47256 | Vaults:2 | Received a gift from Trog
 47260 | Vaults:2 | Got an ichor-stained demon blade {god gift}
 47284 | Vaults:2 | Identified the +7 demon blade of Plirr {vamp, +Fly rPois Str-5 Int+3} (Trog gifted it to you on level 2 of the Vaults)
 47947 | Vaults:2 | Found a roughly hewn altar of Beogh.
 48284 | Vaults:2 | Noticed Boris
 48301 | Vaults:2 | Killed Boris
 48620 | Vaults:3 | Found Gaustial's Antique Weapon Shoppe.
 48643 | Vaults:3 | Received a gift from Trog
 48656 | Vaults:3 | Got a slimy scimitar {god gift}
 48664 | Vaults:3 | Identified the +8 scimitar "Hemaomn" {venom, rN+ Int-3 SInv} (Trog gifted it to you on level 3 of the Vaults)
 48703 | Vaults:3 | Found Twiotr Imiju's Antique Armour Emporium.
 49085 | Vaults:3 | Found Xooq's Antique Weapon Shoppe.
 49296 | Vaults:3 | Found Jyfykaym's General Store.
 49306 | Vaults:3 | Bought a potion of curing for 36 gold pieces
 49306 | Vaults:3 | Bought a bread ration for 60 gold pieces
 49464 | Vaults:3 | Found a staircase to the Crypt.
 49464 | Vaults:3 | Found a basalt altar of Yredelemnul.
 49465 | Vaults:3 | Found an ancient bone altar of Kikubaaqudgha.
 49742 | Vaults:4 | Received a gift from Trog
 49759 | Vaults:4 | Got a crystal morningstar {god gift}
 49918 | Vaults:4 | Identified the +10 morningstar of Ickoc {vamp, rElec rF++ rC- MR- Str+5} (Trog gifted it to you on level 4 of the Vaults)
 50272 | Vaults:4 | Reached skill level 19 in Maces & Flails
 50376 | Vaults:4 | Gained mutation: You are immune to clouds of flame. [demonic ancestry]
 50376 | Vaults:4 | Reached XP level 21. HP: 164/172 MP: 23/23
 51222 | Vaults:5 | Entered Level 5 of the Vaults
 51419 | Vaults:4 | Received a gift from Trog
 51432 | Vaults:4 | Got a bloodstained morningstar {god gift}
 51435 | Vaults:4 | Identified the +8 morningstar of Fragile Peace {flame, -Tele Int+4 Dex+3 SInv} (Trog gifted it to you on level 4 of the Vaults)
 51602 | Vaults:4 | Reached skill level 15 in Dodging
 51635 | Vaults:5 | Noticed an ancient lich
 51683 | Vaults:4 | HP: 4/174 [tengu reaver/bolt of poison (37)]
 51985 | Vaults:4 | Killed an ancient lich
 51985 | Vaults:4 | Reached skill level 15 in Shields
 52147 | Vaults:5 | Received a gift from Trog
 52149 | Vaults:5 | Noticed an ancient lich
 52354 | Vaults:5 | Killed an ancient lich
 52354 | Vaults:5 | Reached XP level 22. HP: 182/182 MP: 24/24
 52606 | Vaults:5 | Got a brightly glowing triple sword
 52628 | Vaults:5 | Identified the +7 triple sword of Painful Death {speed, rF+++ Int-2 Dex+4} (You found it on level 5 of the Vaults)
 52904 | Vaults:5 | Got a vibrating granite ring
 52911 | Vaults:5 | Got a silver rune of Zot
 52928 | Vaults:5 | Identified the ring of Qozoir {EV+1 Dex+4 SInv} (You found it on level 5 of the Vaults)
 53000 | Vaults:5 | Received a gift from Trog
 53057 | Vaults:5 | Reached skill level 20 in Maces & Flails
 53084 | Vaults:5 | Gained mutation: Your spells are a little harder to cast, but a little more powerful. [potion of beneficial mutation]
 53741 | Vaults:5 | Got an ichor-stained scale mail
 53772 | Vaults:5 | Identified the +4 scale mail of the Realm of Zot {Dex+3} (You found it on level 5 of the Vaults)
 53937 | Vaults:5 | Received a gift from Trog
 54187 | Vaults:2 | Cast into the Abyss (vault warden)
 54267 | Abyss:1  | Gained mutation: Your magical capacity is low (-10% MP). [a neqoxec]
 54279 | Abyss:1  | Gained mutation: You are dopey. (Int -2) [a cacodemon]
 54281 | Abyss:1  | Gained mutation: Armour fits poorly on your strangely shaped body. [a neqoxec]
 54287 | Abyss:1  | Gained mutation: You are frail (-10% HP). [a neqoxec]
 54302 | Abyss:1  | Got a coiled silver ring
 54307 | Abyss:1  | Identified the ring of the Fifty Nights {Dex+2 Stlth+} (You found it on level 1 of the Abyss)
 54555 | Abyss:1  | Paralysed by accursed screaming for 1 turns
 54937 | Abyss:1  | Found a corrupted altar of Lugonu.
 55048 | Abyss:5  | Entered Level 5 of the Abyss
 55144 | Vaults:2 | Escaped the Abyss
 56087 | Shoals:5 | Entered Level 5 of the Shoals
 56147 | Shoals:5 | Gained mutation: You have claws for hands. [demonic ancestry]
 56147 | Shoals:5 | Reached XP level 23. HP: 171/171 MP: 21/21
 56149 | Shoals:5 | Lost mutation: You are frail (-10% HP). [potion of cure mutation]
 56149 | Shoals:5 | Lost mutation: Armour fits poorly on your strangely shaped body. [potion of cure mutation]
 56149 | Shoals:5 | Lost mutation: Your magical capacity is low (-10% MP). [potion of cure mutation]
 56149 | Shoals:5 | Lost mutation: Your spells are a little harder to cast, but a little more powerful. [potion of cure mutation]
 56149 | Shoals:5 | Lost mutation: You are dopey. (Int -2) [potion of cure mutation]
 56320 | Shoals:5 | Received a gift from Trog
 56542 | Shoals:5 | Noticed Ilsuiw
 56604 | Shoals:5 | Slain by an alligator snapping turtle

Action                   |  1- 3 |  4- 6 |  7- 9 | 10-12 | 13-15 | 16-18 | 19-21 | 22-24 || total
-------------------------+-------+-------+-------+-------+-------+-------+-------+-------++-------
Melee: Spear             |    16 |       |       |       |       |       |       |       ||    16
       Whip              |    77 |   254 |   323 |       |       |       |       |       ||   654
       Scimitar          |       |       |   335 |   421 |       |       |       |       ||   756
       Rapier            |       |       |       |   266 |    66 |       |       |       ||   332
       Eveningstar       |       |       |       |   276 |  1153 |  1199 |   948 |       ||  3576
       Dagger            |       |       |       |       |       |   540 |       |       ||   540
       Unarmed           |       |       |       |       |       |     1 |       |       ||     1
       Morningstar       |       |       |       |       |       |       |   648 |   798 ||  1446
Invok: Berserk           |       |     2 |     6 |    14 |    13 |     7 |    10 |     2 ||    54
       Burn Spellbooks   |       |     1 |     1 |     3 |     6 |     2 |     4 |     3 ||    20
       Brothers in Arms  |       |       |       |     3 |     2 |     7 |     5 |     8 ||    25
       Trog's Hand       |       |       |       |     1 |       |     4 |     2 |       ||     7
Evoke: Wand              |       |       |       |     6 |       |       |       |       ||     6
       Deck              |       |       |       |       |     2 |       |       |       ||     2
  Use: Scroll            |       |       |     9 |     8 |    18 |    26 |    15 |    11 ||    87
       Potion            |       |       |       |     1 |    10 |     8 |     4 |     3 ||    26
 Stab: Distracted        |       |       |       |       |       |     3 |       |     2 ||     5
       Sleeping          |       |       |       |       |       |       |     1 |     1 ||     2
  Eat: Chunk             |     2 |     5 |     7 |    22 |     3 |    22 |    98 |    25 ||   184
       Meat ration       |       |     1 |     3 |     3 |     2 |     5 |     2 |     3 ||    19
       Fruit             |       |       |     2 |     4 |    30 |     3 |       |       ||    39
       Beef jerky        |       |       |     1 |     1 |     2 |     7 |     2 |       ||    13
       Royal jelly       |       |       |       |     1 |     2 |     5 |     4 |       ||    12
       Pizza             |       |       |       |     3 |     1 |       |     3 |       ||     7
       Bread ration      |       |       |       |       |       |     1 |     2 |     1 ||     4
